[Event "*** Titled Tuesday Blitz"]
[Site "Chess.com"]
[Date "2020.11.10"]
[Round "7"]
[White "esapunov"]
[Black "Shtembuliak"]
[Result "0-1"]
[WhiteElo "2716"]
[BlackElo "2872"]
[TimeControl "180+1"]
[EndTime "11:21:41 PST"]
[Termination "Shtembuliak won by checkmate"]

1. c4 g6 2. g3 Bg7 3. Bg2 d6 4.
d4 Nf6 5. Nc3 O-O 6. Nf3 c6 7.
O-O Bf5 8. d5 Ne4 9. Nb1 cxd5 10. cxd5 Nf6 11. Nc3 Ne4 12. Nb1 Nc5 13. Nc3 a5 14.
Nd4 Bd7 15. Be3 Nba6 16. Qd2 a4 17. Bh6 Qa5 18. Bxg7 Kxg7 19. a3 Rfc8 20. h4 h5 21. e4 Qb6 22. Rfe1 f6 23. Kh2 Nb3 24. Nxb3 axb3 25.
f4 Nc5 26. e5 Bf5 27. Qd4 Rc7 28. exf6+ exf6 29. a4 Rf7 30. Bf1 Nd7 31. Qd2 Qb4 32. Bb5 Nc5 33. Re3 g5 34. fxg5 fxg5 35. Rf3 Qg4 36.
Raf1 Raf8 37. Be2 gxh4 38. gxh4 Qxh4+ 39. Kg1 Kh7 40. R1f2 Rg7+ 41. Rg2 Rxg2+ 42. Kxg2 Rg8+ 43. Kf1 Qh1+ 44. Kf2 Qg1# 0-1

[Event "*** Titled Tuesday Blitz"]
[Site "Chess.com"]
[Date "2020.11.10"]
[Round "7"]
[White "Gerodot71"]
[Black "VladimirBugayev"]
[Result "1-0"]
[WhiteElo "2485"]
[BlackElo "2256"]
[TimeControl "180+1"]
[EndTime "11:21:42 PST"]
[Termination "Gerodot71 won on time"]

1. d4 Nf6 2. c4 c5 3. d5 b5 4. cxb5 a6 5. b6 d6 6. Nc3 Nbd7 7. e4 g6 8. h3 Bg7 9. Nf3 O-O 10. a4 a5 11. Be2 Qxb6 12. O-O Ba6 13. Nd2 Qb4 14. Bb5 Ne5 15. Qe2 Bxb5 16. axb5 a4 17.
f4 Qd4+ 18. Kh2 Nd3 19. Nf3 Nxc1 20. Rfxc1 Qb4 21. Qc2 Nh5 22. g3 a3 23. bxa3 Rxa3 24.
Rxa3 Qxa3 25. Nd2 Rb8 26. Ndb1 Qb4 27. h4 Bd4 28. Kg2 Ra8 29. Kh3 Ra1 30. Ne2 Be3 31. Rd1 1-0

[Event "*** Titled Tuesday Blitz"]
[Site "Chess.com"]
[Date "2020.11.10"]
[Round "7"]
[White "novocane"]
[Black "Gulkov_Igor"]
[Result "1/2-1/2"]
[WhiteElo "2288"]
[BlackElo "2444"]
[TimeControl "180+1"]
[EndTime "11:21:42 PST"]
[Termination "Game drawn by agreement"]

1. d4 Nf6 2. c4 g6 3. Nc3 Bg7 4. e4 d6 5. f3 O-O 6. Bg5 c5 7. d5 e6 8. Qd2 h6 9. Be3 exd5 10.
cxd5 h5 11. Bh6 Nbd7 12. Bxg7 Kxg7 13. Nh3 Re8 14. Be2 a6 15. a4 Rb8 16. O-O Qa5 17. Nf2 Qc7 18. f4 c4 19. e5 dxe5 20. f5 Nc5 21.
fxg6 fxg6 22. Bxc4 e4 23. d6 Qb6 24. Qg5 Qxd6 25.
Rad1 Qe5 26. Qe3 Bf5 27. Nd5 Nd3 28. Nxd3 exd3 29. Qxe5 Rxe5 30. Nxf6 Kxf6 31. Bxd3 Rd8 32. Bxf5 Rxd1 33. Rxd1 Kxf5 34. Rd7 Re4 35. Rxb7 Rxa4 36. b4 Ra2 37. Rb6 Rb2 38. Rxa6 Rxb4 39. Ra3 1/2-1/2

[Event "*** Titled Tuesday Blitz"]
[Site "Chess.com"]
[Date "2020.11.10"]
[Round "7"]
[White "HouseOfDurin"]
[Black "mikheeva86"]
[Result "1-0"]
[WhiteElo "2174"]
[BlackElo "1998"]
[TimeControl "180+1"]
[EndTime "11:21:42 PST"]
[Termination "HouseOfDurin won on time"]

1. d4 Nf6 2. Bg5 e6 3. e4 Be7 4. Bxf6 Bxf6 5. e5 Be7 6. Qg4 O-O 7. Bd3 d6 8. Nf3 dxe5 9. dxe5 Nc6 10. h4 f6 11.
exf6 Rxf6 12. Nbd2 e5 13. Qe4 Bf5 14. Qc4+ Be6 15.
Qb5 Nd4 16. Qxe5 Nxf3+ 17. Nxf3 Bg4 18. O-O-O Bxf3 19. gxf3 Bd6 20. Qe4 g6 21. h5 Qe7 22.
Qd5+ Qf7 23. Qxb7 Rf8 24. hxg6 hxg6 25. Rdg1 Bf4+ 26. Kb1 Rb6 27. Qe4 Qf6 28. Rxg6+ Qxg6 29. Qxg6+ Rxg6 30. Bxg6 Bd6 31. Be4 1-0

[Event "*** Titled Tuesday Blitz"]
[Site "Chess.com"]
[Date "2020.11.10"]
[Round "7"]
[White "Andreikka"]
[Black "suyu28"]
[Result "1-0"]
[WhiteElo "2950"]
[BlackElo "2632"]
[TimeControl "180+1"]
[EndTime "11:21:43 PST"]
[Termination "Andreikka won by resignation"]

1. g3 d5 2. Nf3 c6 3. Bg2 Nf6 4. O-O g6 5. d3 Bg7 6. Nbd2 O-O 7. e4 Bg4 8. Qe1 Re8 9. e5 Nfd7 10. h3 Bxf3 11. Nxf3 e6 12. d4 c5 13. c3 Nc6 14.
Qe2 f6 15. exf6 Qxf6 16. Bg5 Qf5 17. Be3 cxd4 18. cxd4 e5 19. dxe5 Ndxe5 20. Rad1 Nxf3+ 21. Qxf3 Qxf3 22. Bxf3 d4 23. Bg5 h6 24. Bd2 Rad8 25.
Rfe1 Kf7 26. Kf1 d3 27. Rxe8 Kxe8 28. b3 Kf7 29. Be4 Rd4 30. f3 Rd7 31. Be3 Nb4 32. a3 Nc2 33. Bc1 d2 34. Rxd2 Rxd2 35. Bxd2 Nxa3 36.
Bxb7 Nb5 37. Bd5+ Ke7 38. f4 Nd4 39. Kf2 Bf6 40. Ke3 Nf5+ 41. Kf3 Kd6 42. Bf7 g5 43. Kg4 Ke7 44. Kxf5 Kxf7 45. fxg5 hxg5 46. Bxg5 Bd4 47. g4 a5 48. Bd2 Bb6 49. h4 1-0

[Event "*** Titled Tuesday Blitz"]
[Site "Chess.com"]
[Date "2020.11.10"]
[Round "7"]
[White "Pertinhez76"]
[Black "IsuruAlahakoon"]
[Result "0-1"]
[WhiteElo "2126"]
[BlackElo "2477"]
[TimeControl "180+1"]
[EndTime "11:21:45 PST"]
[Termination "IsuruAlahakoon won on time"]

1. d4 d5 2. Nf3 Bf5 3. Bf4 Nc6 4. e3 e6 5. Nbd2 Bd6 6. a3 Bxf4 7. exf4 Nf6 8. c3 O-O 9. Ne5 Nd7 10. Ndf3 f6 11.
Nxc6 bxc6 12. Bd3 Be4 13. O-O c5 14. Re1 Bxd3 15. Qxd3 c4 16. Qe2 Re8 17. f5 exf5 18. Qc2 Re4 19. g3 Qe7 20. Kf1 Re8 21. a4 a5 22. b3 Nb6 23. Qd1 Rxe1+ 24. Nxe1 cxb3 25. Qxb3 Nc4 26. Nf3 Qe2+ 27. Kg2 Qxf3+ 28. Kxf3 Nd2+ 29. Kf4 Nxb3 30. Rb1 Rb8 31. Kxf5 Nxd4+ 32. cxd4 Rxb1 33. Ke6 Rb4 34. Kxd5 Rxa4 35. f4 Rb4 36. f5 a4 37.
Kc5 Rb1 38. d5 a3 39. Kc6 Rb2 40. Kxc7 a2 41. d6 a1=Q 42. d7 Qa7+ 43. Kd8 Rb8+ 44. Ke7 Rb7 0-1

[Event "*** Titled Tuesday Blitz"]
[Site "Chess.com"]
[Date "2020.11.10"]
[Round "7"]
[White "Nemsko"]
[Black "cottage_cheese"]
[Result "1-0"]
[WhiteElo "2358"]
[BlackElo "2157"]
[TimeControl "180+1"]
[EndTime "11:21:46 PST"]
[Termination "Nemsko won on time"]

1. e4 e5 2. Nf3 Nc6 3. Bb5 a6 4. Ba4 Nf6 5. O-O Be7 6. Re1 b5 7. Bb3 d6 8. c3 O-O 9. h3 Nb8 10. d4 Nbd7 11. Nbd2 Bb7 12. Bc2 Re8 13. Nf1 Bf8 14.
Ng3 g6 15. b3 c5 16. d5 a5 17. c4 bxc4 18. bxc4 Nb6 19. Bd3 Ba6 20. Qc2 Qd7 21. Bg5 Bg7 22. Qc1 Reb8 23. Rb1 Qa4 24. Nd2 Ne8 25.
h4 h6 26. Be3 Qd7 27. Nb3 a4 28. Na5 Qc7 29. Nc6 Rb7 30. Bxh6 Bxh6 31. Qxh6 Bxc4 32.
Bxc4 Nxc4 33. h5 Rxb1 34. Rxb1 f6 35. hxg6 Qg7 36. Qh5 f5 37. Nxf5 Qf6 38. Nce7+ Kf8 39.
Qh6+ 1-0

[Event "*** Titled Tuesday Blitz"]
[Site "Chess.com"]
[Date "2020.11.10"]
[Round "7"]
[White "eCztery"]
[Black "Gusarov91"]
[Result "0-1"]
[WhiteElo "2313"]
[BlackElo "2638"]
[TimeControl "180+1"]
[EndTime "11:21:47 PST"]
[Termination "Gusarov91 won by resignation"]

1. e4 c6 2. Nc3 d5 3. Nf3 Bg4 4. h3 Bxf3 5. Qxf3 e6 6. d3 Nd7 7. Qg3 Qa5 8. Bd2 Qb6 9. O-O-O Ngf6 10. f4 Bb4 11. e5 Nh5 12. Qh4 g6 13. g4 Bxc3 14.
Bxc3 Nxf4 15. Kb1 d4 16. Bd2 Nd5 17. Ka1 Nxe5 18. Bg2 Nd7 19. Bxd5 cxd5 20. Rhf1 Rc8 21.
Qf2 f6 22. g5 Rxc2 23. Rb1 Nc5 24. b3 Rxa2+ 25. Kxa2 Qa6+ 26. Kb2 Nxd3+ 27. Kc2 Nxf2 28. Rxf2 f5 29. Kb2 O-O 30. Re1 Rc8 31. Rfe2 Qd3 32. Bc1 Qc3+ 33. Ka2 d3 34. Rxe6 Qa5+ 35. Kb1 d2 36.
Bxd2 Qxd2 37. R6e2 Rc1+ 38. Rxc1 Qxe2 39. Rc8+ Kf7 40.
Rc7+ Ke8 41. Rxb7 Qd3+ 42. Kb2 f4 43. Rxa7 Qd4+ 44. Kc2 Qxa7 0-1

[Event "*** Titled Tuesday Blitz"]
[Site "Chess.com"]
[Date "2020.11.10"]
[Round "7"]
[White "zverr1"]
[Black "Lupul_Cenusiu"]
[Result "1-0"]
[WhiteElo "2423"]
[BlackElo "2535"]
[TimeControl "180+1"]
[EndTime "11:21:47 PST"]
[Termination "zverr1 won by resignation"]

1. e4 g6 2. d4 Bg7 3. Nc3 d6 4. Bg5 b6 5. Bc4 Bb7 6. f3 h6 7. Be3 e6 8. Qd2 Ne7 9. O-O-O a6 10. h4 b5 11. Bb3 Nd7 12. d5 e5 13. a4 Nb6 14. Kb1 b4 15. Na2 a5 16. c4 Nd7 17.
Nc1 Nc8 18. Nd3 Bf8 19. Rc1 Ncb6 20. c5 dxc5 21. Nxc5 Nxc5 22. Bxc5 Bxc5 23. Rxc5 Qd7 24. Qc2 Rc8 25. Ne2 O-O 26. Rc1 Ba6 27. Rxa5 Ra8 28. Rc5 Ra7 29. a5 Na8 30. Bc4 Qe7 31. Bxa6 Rxa6 32. Qc4 Ra7 33. Qxb4 Qxh4 34. Nc3 Qf2 35.
Rc2 Qe1+ 36. Ka2 h5 37. Rc6 Re8 38. Re2 Qf1 39. Rc2 Qe1 40. Kb3 h4 41. Nb5 Qxb4+ 42. Kxb4 Rb8 43. Ka4 Nb6+ 44. Rxb6 Rxb6 45. Nxa7 1-0

[Event "*** Titled Tuesday Blitz"]
[Site "Chess.com"]
[Date "2020.11.10"]
[Round "7"]
[White "mamonika"]
[Black "Manukyan_Artak"]
[Result "0-1"]
[WhiteElo "2038"]
[BlackElo "2347"]
[TimeControl "180+1"]
[EndTime "11:21:48 PST"]
[Termination "Manukyan_Artak won by resignation"]

1. e4 c6 2. d4 d5 3. exd5 cxd5 4. Bd3 Nc6 5. c3 e5 6. dxe5 Nxe5 7. Qe2 Qe7 8. Bb5+ Bd7 9. Bxd7+ Kxd7 10. Bf4 Nd3+ 11. Kd2 Nxf4 12. Qb5+ Kc7 13. Nf3 Nf6 14. Re1 Ne4+ 15.
Kc2 Qc5 16. Qxc5+ Bxc5 17. g3 Ng6 18. Nbd2 Rhe8 19. Nxe4 dxe4 20. Ng5 f5 21. Re2 Ne5 22. Nxh7 Ng4 23. Ng5 Nxf2 24. Rf1 e3 25. b4 Bb6 26. h4 g6 27. c4 Bd4 28. c5 a5 29. Nf3 Bf6 30. b5 Rad8 31. Rfe1 Rd5 32. Rxe3 Rxc5+ 33. Kb3 Rxe3+ 34. Rxe3 Ne4 35. a4 Rd5 36. Ne1 Kb6 37.
Nd3 Rxd3+ 38. Rxd3 Nc5+ 39. Kc4 Nxd3 40. Kxd3 Be5 41. g4 fxg4 42. Ke4 Bg3 0-1

[Event "*** Titled Tuesday Blitz"]
[Site "Chess.com"]
[Date "2020.11.10"]
[Round "7"]
[White "Beltraxtor"]
[Black "KetiGrant"]
[Result "0-1"]
[WhiteElo "2534"]
[BlackElo "2420"]
[TimeControl "180+1"]
[EndTime "11:21:49 PST"]
[Termination "KetiGrant won on time"]

1. e4 c5 2. Nf3 Nc6 3. Bb5 g6 4. O-O Bg7 5. c3 Nf6 6. Re1 O-O 7. d4 cxd4 8. cxd4 d5 9. e5 Ne4 10. Nc3 Nxc3 11. bxc3 Na5 12. a4 Bd7 13. Ba3 a6 14. Bxd7 Qxd7 15. e6 fxe6 16. Ng5 e5 17.
dxe5 Rf5 18. Nf3 e6 19. Bc5 Nc4 20. Bd4 Raf8 21. Rb1 Qc7 22. Qe2 R8f7 23. h3 Bh6 24. Rbd1 Qc6 25. Nh4 Rf4 26. g3 Re4 27. Qc2 Rxe1+ 28.
Rxe1 Nd2 29. Kg2 Ne4 30. f3 Nd2 31. Nxg6 hxg6 32. Qxg6+ Bg7 33. h4 Qc4 34. h5 Nxf3 35.
Rf1 Nh4+ 36. gxh4 Qxf1+ 0-1

[Event "*** Titled Tuesday Blitz"]
[Site "Chess.com"]
[Date "2020.11.10"]
[Round "7"]
[White "ambaixador"]
[Black "DenLaz"]
[Result "0-1"]
[WhiteElo "2472"]
[BlackElo "2761"]
[TimeControl "180+1"]
[EndTime "11:21:52 PST"]
[Termination "DenLaz won by resignation"]

1. Nf3 d5 2. c4 c6 3. d4 Nf6 4. g3 Bf5 5. Qb3 Qb6 6. Nc3 e6 7. c5 Qxb3 8. axb3 Na6 9. Ra4 Bc2 10. Nd2 e5 11. e3 exd4 12. exd4 Nc7 13. Bg2 a6 14.
O-O O-O-O 15. Ra3 Ne4 16. Ndxe4 dxe4 17. Be3 f5 18. Rc1 Bd3 19. Bh3 g6 20. g4 fxg4 21. Bxg4+ Kb8 22. b4 Bg7 23. d5 Nxd5 24. Nxd5 Rxd5 25.
Bf4+ Ka7 26. Rd1 Be5 27. Bxe5 Rxe5 28. f3 Rd8 29. fxe4 Rxe4 30. Bf3 Red4 31. Kf2 Bf5 32. Rxd4 Rxd4 33. Rb3 Rd2+ 34. Ke3 Rxh2 35. Rc3 Rxb2 36.
Rc4 h5 37. Rf4 Ra2 38. Kd4 a5 39. bxa5 Rxa5 40. Bd1 Ra1 41. Bxh5 Ra4+ 42. Ke5 Rxf4 43. Kxf4 gxh5 44. Kxf5 Ka6 45. Kg5 Kb5 46. Kxh5 Kxc5 47. Kg4 b5 0-1

[Event "*** Titled Tuesday Blitz"]
[Site "Chess.com"]
[Date "2020.11.10"]
[Round "7"]
[White "BAS8892"]
[Black "louis198"]
[Result "1-0"]
[WhiteElo "2733"]
[BlackElo "2568"]
[TimeControl "180+1"]
[EndTime "11:21:53 PST"]
[Termination "BAS8892 won by resignation"]

1. d4 e6 2. c4 d5 3. Nc3 Nf6 4. Bf4 c6 5. e3 Bd6 6. Bg3 O-O 7. Bd3 dxc4 8. Bxc4 b5 9. Bd3 a6 10. e4 Bxg3 11. hxg3 h6 12. Nf3 Bb7 13. e5 Nd5 14. Ne4 Qa5+ 15. Kf1 Nd7 16. a3 Qb6 17.
Rc1 a5 18. Qe2 b4 19. Nc5 Nxc5 20. dxc5 Qd8 21. Qe4 f5 22. exf6 Qxf6 23. Re1 Rae8 24. Kg1 Bc8 25. Qh7+ Kf7 26. Ne5+ Ke7 27. f4 Kd8 28.
Nxc6+ Kc7 29. Ne5 Kb8 30. Qe4 g5 31. axb4 gxf4 32. gxf4 Nxf4 33. bxa5 Nd5 34. Qd4 Qg5 35. Be4 Rf4 36. c6 Rg8 37. c7+ Kxc7 38. Qc5+ Kd8 39.
Bxd5 exd5 40. Qd6+ Ke8 41. Nf3+ Re4 42. Rxe4+ 1-0

[Event "*** Titled Tuesday Blitz"]
[Site "Chess.com"]
[Date "2020.11.10"]
[Round "7"]
[White "MaxLeto"]
[Black "Semetey"]
[Result "0-1"]
[WhiteElo "2419"]
[BlackElo "2580"]
[TimeControl "180+1"]
[EndTime "11:21:53 PST"]
[Termination "Semetey won on time"]

1. g4 Nf6 2. g5 Nd5 3. d4 e6 4. Bg2 Be7 5. h4 d6 6. c4 Nb6 7. Qd3 c5 8. Nf3 Nc6 9. Na3 Bd7 10. Be3 a6 11. O-O-O Nb4 12. Qb1 Qc7 13. dxc5 dxc5 14. Nd2 Bc6 15. Bxc6+ Qxc6 16. Nc2 O-O 17. a3 Nxc2 18.
Qxc2 Rfd8 19. h5 Bf8 20. g6 fxg6 21. hxg6 h6 22. Rh5 Nd7 23. Ne4 Be7 24. Rdh1 Nf6 25.
Nxf6+ Bxf6 26. f3 b6 27. Bxh6 gxh6 28. Rxh6 Bg7 29. Rh7 Qd6 30. e3 Qe5 31. Kb1 Ra7 32. Qg2 Rad7 33. Ka2 b5 34. R1h2 bxc4 0-1

[Event "*** Titled Tuesday Blitz"]
[Site "Chess.com"]
[Date "2020.11.10"]
[Round "7"]
[White "BigAl"]
[Black "MasterMK73"]
[Result "1-0"]
[WhiteElo "2485"]
[BlackElo "2264"]
[TimeControl "180+1"]
[EndTime "11:21:53 PST"]
[Termination "BigAl won on time"]

1. e4 c5 2. c3 d6 3. d4 Qc7 4. Na3 a6 5. Nc4 b5 6. Ne3 e6 7. a4 b4 8. Nf3 bxc3 9. bxc3 Bb7 10. Bd3 Nd7 11. O-O Ngf6 12. Rb1 Nxe4 13. Qc2 d5 14.
Re1 Bd6 15. h3 O-O 16. Ng4 f5 17. Nge5 c4 18. Bf1 Nxe5 19. Nxe5 f4 20. Be2 Bxe5 21. dxe5 Bc6 22. Bg4 Rae8 23. Ba3 Rf7 24. f3 Qa7+ 25.
Kh2 Ng5 26. h4 Nxf3+ 27. Bxf3 g6 28. a5 Qc7 29. Bd6 Qd8 30. Qf2 Rg7 31. Rb6 Bd7 32.
Bg4 Qa8 33. Reb1 g5 34. h5 1-0

[Event "*** Titled Tuesday Blitz"]
[Site "Chess.com"]
[Date "2020.11.10"]
[Round "7"]
[White "Korchmar_Vasiliy"]
[Black "rasmussvane"]
[Result "1-0"]
[WhiteElo "2633"]
[BlackElo "2859"]
[TimeControl "180+1"]
[EndTime "11:21:54 PST"]
[Termination "Korchmar_Vasiliy won by resignation"]

1. d4 d5 2. Nf3 e6 3. Bf4 Nf6 4. e3 Bd6 5. Bg3 O-O 6. Nbd2 c5 7. c3 Qc7 8. Ne5 Nc6 9. f4 b6 10. Bd3 Bb7 11. Bh4 Ne7 12. Bxf6 gxf6 13. Qh5 Ng6 14.
Ng4 Qe7 15. f5 exf5 16. Nh6+ Kh8 17. Nxf5 Qe6 18. O-O-O cxd4 19. cxd4 Bb4 20. Nf3 a5 21. Kb1 Ba6 22. Bxa6 Rxa6 23. Rc1 Qe4+ 24. Ka1 Raa8 25. Rc6 Rac8 26. Rxf6 Qc2 27. Rb1 Bc3 28. Rxb6 Rb8 29. Ng5 1-0

[Event "*** Titled Tuesday Blitz"]
[Site "Chess.com"]
[Date "2020.11.10"]
[Round "7"]
[White "SharapovEvgeny"]
[Black "GMKrikor"]
[Result "1/2-1/2"]
[WhiteElo "2469"]
[BlackElo "2776"]
[TimeControl "180+1"]
[EndTime "11:21:54 PST"]
[Termination "Game drawn by repetition"]

1. c4 e5 2. Nc3 Nf6 3. g3 d5 4. cxd5 Nxd5 5. Bg2 Nb6 6. Nf3 Nc6 7. O-O Be7 8. b3 O-O 9. Bb2 Re8 10. d3 Bf8 11.
Rc1 Nd4 12. Ne4 c6 13. e3 Nxf3+ 14. Bxf3 Bf5 15. Qe2 Qd7 16. Rfd1 Rad8 17. d4 exd4 18. Rxd4 Qc7 19. Rxd8 Rxd8 20. Rd1 Rxd1+ 21. Qxd1 Qd7 22. Qxd7 Nxd7 23. g4 Be6 24. Ng5 Bd5 25. e4 Be6 26. Nxe6 fxe6 27. Be2 Bd6 28. h3 g5 29. f3 h6 30. Kf1 Kf7 31. Bd3 b5 32. Ke2 a5 33.
Bd4 Bc5 34. Bc3 Bb4 35. Bd4 Bc5 36. Bc3 Bb6 37. Bd2 Ne5 38. f4 Nxd3 39. Kxd3 gxf4 40. Bxf4 Kg6 41. a4 bxa4 42. bxa4 h5 43. Kc4 hxg4 44.
hxg4 Kf6 45. Kd3 Kg6 46. Kc4 Kf6 47. Kc3 Kg6 48. Kd2 Kf6 49. Ke2 Kg6 50. Kd3 Kf6 51. Kc4 Kg6 52. Kd3 Kf6 53. Kc4 Kg6 54. Kd3 1/2-1/2

[Event "*** Titled Tuesday Blitz"]
[Site "Chess.com"]
[Date "2020.11.10"]
[Round "7"]
[White "03revilo"]
[Black "zivicd"]
[Result "0-1"]
[WhiteElo "2334"]
[BlackElo "2255"]
[TimeControl "180+1"]
[EndTime "11:21:54 PST"]
[Termination "zivicd won on time"]

1. e4 c5 2. Nf3 e6 3. d4 cxd4 4.
Nxd4 a6 5. Bd3 Qc7 6. O-O Nf6 7.
c4 d6 8. Nc3 Be7 9. Be3 Nbd7 10.
Rc1 b6 11. b3 Bb7 12. f3 O-O 13. a4 Rac8 14. Kh1 Qb8 15. a5 bxa5 16. Ra1 Bd8 17.
Nc2 d5 18. exd5 exd5 19. Nxd5 Nxd5 20. cxd5 Bc7 21. f4 Nf6 22. d6 Bxd6 23. Rxa5 Rfd8 24.
Rg5 h6 25. Rg3 Be4 26. Bxe4 Nxe4 27. Rh3 Bc5 28. Qf3 Nd2 29. Qg4 Nxf1 30. Bxc5 Rxc5 31. Ne1 Rc1 0-1

[Event "*** Titled Tuesday Blitz"]
[Site "Chess.com"]
[Date "2020.11.10"]
[Round "7"]
[White "The_Machine04"]
[Black "Quiet_Desperation"]
[Result "0-1"]
[WhiteElo "2283"]
[BlackElo "1760"]
[TimeControl "180+1"]
[EndTime "11:21:54 PST"]
[Termination "Quiet_Desperation won on time"]

1. d4 d5 2. Bf4 c6 3. e3 Bf5 4.
c4 e6 5. Nc3 Nf6 6. Nf3 Bb4 7.
Qb3 Qa5 8. a3 Bxc3+ 9. bxc3 Qb6 10. Qb4 Na6 11. Qxb6 axb6 12. Be2 Ne4 13. Rc1 f6 14.
Nd2 Nxd2 15. Kxd2 Kf7 16. Ra1 Rhe8 17. Bg3 e5 18. cxd5 cxd5 19. Ra2 Nc7 20. Rha1 b5 21. Rb2 Ra5 22. Rb3 Bd7 23. Ra2 Bc6 24. f3 Ke6 25. Bd3 g6 26. h4 e4 27. fxe4 dxe4 28. Bc2 Bd5 29. Rab2 Bxb3 30. Bxb3+ Nd5 31. Ra2 Rea8 32. a4 bxa4 33. Bc2 f5 0-1

[Event "*** Titled Tuesday Blitz"]
[Site "Chess.com"]
[Date "2020.11.10"]
[Round "7"]
[White "Paralinch"]
[Black "Sibelephant"]
[Result "1/2-1/2"]
[WhiteElo "2844"]
[BlackElo "3078"]
[TimeControl "180+1"]
[EndTime "11:21:56 PST"]
[Termination "Game drawn by repetition"]

1. e4 e5 2. Nf3 Nc6 3. Nc3 Nf6 4. a3 d5 5. exd5 Nxd5 6. Nxe5 Nxc3 7. Nxc6 Nxd1 8.
Nxd8 Nxf2 9. Kxf2 Bc5+ 10. Kf3 Kxd8 11. c3 Be6 12. d4 Bd6 13. Bd3 Bd5+ 14. Be4 Bxe4+ 15.
Kxe4 Kd7 16. Bf4 Rae8+ 17. Kf3 Bxf4 18. Kxf4 Re2 19. Kf3 Rhe8 20. Rab1 R8e3+ 21. Kf4 Rd3 22. g4 Rh3 23. g5 Rg2 24. a4 Rh4+ 25. Kf3 Rxg5 26.
Rbg1 Rh3+ 27. Ke4 Rh4+ 28. Kd3 Rxg1 29. Rxg1 g6 30. Rg2 f5 31. a5 Kd6 32. b4 Kd5 33.
c4+ Kd6 34. d5 b5 35. axb6 axb6 36. Re2 b5 37. Re6+ Kd7 38. c5 Rxb4 39. c6+ Kd8 40. Rf6 Re4 41. Rf7 b4 42. Rd7+ Kc8 43. Rxh7 Kd8 44. Rd7+ Kc8 45. Rg7 Kd8 46. Rd7+ Kc8 47.
Rf7 Kd8 48. Rd7+ 1/2-1/2

[Event "*** Titled Tuesday Blitz"]
[Site "Chess.com"]
[Date "2020.11.10"]
[Round "7"]
[White "kirillshevchenko"]
[Black "Borsuk_Konstantin"]
[Result "1-0"]
[WhiteElo "2860"]
[BlackElo "2613"]
[TimeControl "180+1"]
[EndTime "11:21:57 PST"]
[Termination "kirillshevchenko won on time"]

1. e4 e6 2. d4 d5 3. Nc3 Bb4 4.
Bd3 dxe4 5. Bxe4 Ne7 6. Nf3 Nbc6 7. O-O h6 8. Bf4 Bd6 9. Bxd6 Qxd6 10. Qd2 O-O 11.
Rfe1 a6 12. Rad1 b6 13. d5 exd5 14. Nxd5 Nxd5 15. Bxd5 Bb7 16. Qc3 Qg6 17. Ne5 Nxe5 18. Bxb7 Rab8 19. Bd5 c6 20. Bb3 Ng4 21. h3 Nf6 22. Qxc6 a5 23. a4 Qg5 24. Rd6 Nh5 25. Rd5 Qh4 26. Qc4 Qxc4 27. Bxc4 Nf6 28. Rd6 Rfc8 29. b3 Rc7 30. Re5 Kf8 31. Rb5 Rcb7 32.
g4 Ne8 33. Rc6 Nc7 34. Rf5 1-0

[Event "*** Titled Tuesday Blitz"]
[Site "Chess.com"]
[Date "2020.11.10"]
[Round "7"]
[White "youngKID"]
[Black "chenxiaoyuer"]
[Result "1-0"]
[WhiteElo "2841"]
[BlackElo "2540"]
[TimeControl "180+1"]
[EndTime "11:21:58 PST"]
[Termination "youngKID won by checkmate"]

1. e4 c5 2. Nf3 d6 3. d4 cxd4 4. Nxd4 Nf6 5. Nc3 Nc6 6. Bg5 e6 7. Qd2 Qb6 8. Nb3 Be7 9. h4 O-O 10. h5 Rd8 11. h6 g6 12. O-O-O Ng4 13. Bxe7 Nxe7 14. f3 Nf2 15. Na4 Qc6 16. Qd4 Kf8 17.
Qg7+ Ke8 18. Nd4 Qc7 19. Nb5 Qc6 20. Nd4 Qc7 21. Qxh7 Nxh1 22. Qg7 Bd7 23. h7 Bxa4 24. h8=Q+ Kd7 25. Qxh1 Rac8 26. Rd2 e5 27. Qh3+ f5 28. exf5 exd4 29. f6+ Kc6 30. fxe7 Re8 31. Qxd4 Bb5 32.
Qd5+ Kb6 33. Qxb5# 1-0

[Event "*** Titled Tuesday Blitz"]
[Site "Chess.com"]
[Date "2020.11.10"]
[Round "7"]
[White "Siemba"]
[Black "MatyChess1"]
[Result "1-0"]
[WhiteElo "2449"]
[BlackElo "2553"]
[TimeControl "180+1"]
[EndTime "11:21:58 PST"]
[Termination "Siemba won on time"]

1. Nh3 d5 2. g3 e5 3. Bg2 c6 4.
O-O Nf6 5. d4 Nbd7 6. dxe5 Nxe5 7. Bg5 h6 8. Bxf6 Qxf6 9. c3 Bc5 10. Nf4 O-O 11. Nd3 Nxd3 12. exd3 Re8 13. d4 Bd6 14. Nd2 Bf5 15. Qb3 Re7 16. Rfe1 Rae8 17. Rxe7 Rxe7 18. Nf3 Be4 19. Nd2 Bxg2 20. Kxg2 Re2 21.
Nf3 Qe7 22. Ng1 Qe4+ 23. Kf1 Rd2 24. Re1 Qd3+ 25. Kg2 b5 26. Nf3 Rc2 27. Re8+ Kh7 28. Ne1 Rxf2+ 29. Kxf2 Qf5+ 30. Nf3 1-0

[Event "*** Titled Tuesday Blitz"]
[Site "Chess.com"]
[Date "2020.11.10"]
[Round "7"]
[White "fabianvivasz"]
[Black "Witik"]
[Result "1-0"]
[WhiteElo "2403"]
[BlackElo "2656"]
[TimeControl "180+1"]
[EndTime "11:21:59 PST"]
[Termination "fabianvivasz won by checkmate"]

1. e4 c5 2. Nf3 Nc6 3. d4 cxd4 4. Nxd4 g6 5. c4 Nf6 6. Nc3 d6 7. Be2 Nxd4 8. Qxd4 Bg7 9. O-O O-O 10. Qd2 Be6 11.
f3 Rc8 12. b3 b5 13. Nxb5 Nxe4 14. fxe4 Bxa1 15. Kh1 Bg7 16. Nxa7 Ra8 17. Nb5 Qd7 18.
a4 f5 19. exf5 Bxf5 20. Bf3 Be4 21. h3 Bxf3 22. Rxf3 Rxf3 23. Qd5+ e6 24. Qxf3 Rf8 25. Qe2 Be5 26. Bh6 Rf6 27. g3 Bxg3 28. Qg2 Be5 29.
Qa8+ Kf7 30. Qf8# 1-0

[Event "*** Titled Tuesday Blitz"]
[Site "Chess.com"]
[Date "2020.11.10"]
[Round "7"]
[White "dopolian"]
[Black "parintele_chess"]
[Result "0-1"]
[WhiteElo "2341"]
[BlackElo "2159"]
[TimeControl "180+1"]
[EndTime "11:21:59 PST"]
[Termination "parintele_chess won on time"]

1. Nf3 d5 2. c4 c6 3. b3 Nf6 4. Bb2 g6 5. g3 Bg7 6. Bg2 O-O 7. O-O Nbd7 8. d4 Ne4 9. Nbd2 Ndf6 10. Ne5 Bf5 11.
Ndf3 Ng4 12. Nxg4 Bxg4 13. Ne5 Bf5 14. f3 Nd6 15. c5 Nb5 16. a4 Nc7 17. e4 Be6 18.
Qe2 f6 19. Nd3 dxe4 20. fxe4 Bxb3 21. Bc3 Ne6 22. Qe3 Bc4 23. Rfd1 Bxd3 24. Rxd3 Ng5 25. h4 Nf7 26. Rb1 b6 27. Bb4 Qc7 28. Rc1 a5 29. cxb6 Qxb6 30. Bc5 Qb2 31. Rb3 Qa2 32. Ra3 Qe6 33.
Kh2 Nd6 34. Qd3 f5 35. e5 Ne4 36. Bxe4 fxe4 37. Qxe4 Rf2+ 38. Kg1 Raf8 39. Qe3 Qf5 40.
Raa1 Rf3 41. Qe1 Qh3 42. Rc3 Rf2 43. Qxf2 Rxf2 44. Kxf2 Qh2+ 45. Kf3 Qb2 46. Rac1 Bh6 47. R1c2 Qb1 48. Bxe7 Qf1+ 0-1

[Event "*** Titled Tuesday Blitz"]
[Site "Chess.com"]
[Date "2020.11.10"]
[Round "7"]
[White "Nikolaj_6"]
[Black "RD4ever"]
[Result "0-1"]
[WhiteElo "2593"]
[BlackElo "2820"]
[TimeControl "180+1"]
[EndTime "11:22:00 PST"]
[Termination "RD4ever won by resignation"]

1. e4 e6 2. d4 d5 3. Nc3 Bb4 4.
e5 c5 5. a3 Bxc3+ 6. bxc3 Ne7 7. a4 Nbc6 8. Nf3 Qa5 9. Bd2 Bd7 10. Bb5 Qc7 11. O-O Na5 12. Bd3 h6 13. h4 O-O-O 14. dxc5 Nec6 15. Re1 Kb8 16. Rb1 Ka8 17.
Nd4 Nxe5 18. Nb5 Bxb5 19. axb5 Nxd3 20. cxd3 Qxc5 21. c4 dxc4 22. Bxa5 Rxd3 23. Qg4 g5 24. h5 Rc8 25. Qe4 Qd5 26. Qh7 c3 27. b6 c2 28. Rbc1 f5 29. Bb4 Rd1 30. Kh2 Rxe1 31. Rxe1 Qd4 32. Ba3 Qxf2 33. Qd7 Qh4+ 0-1

[Event "*** Titled Tuesday Blitz"]
[Site "Chess.com"]
[Date "2020.11.10"]
[Round "7"]
[White "talman67"]
[Black "frederiksvane"]
[Result "0-1"]
[WhiteElo "2540"]
[BlackElo "2706"]
[TimeControl "180+1"]
[EndTime "11:22:00 PST"]
[Termination "frederiksvane won by resignation"]

1. e4 c5 2. Nf3 g6 3. c3 d5 4. d4 dxe4 5. Ng5 cxd4 6. Bc4 Nh6 7. Qb3 e6 8. Nxe4 Bg7 9. Bg5 Qc7 10. Qa3 Nf5 11. Nf6+ Bxf6 12. Bxf6 Rg8 13. Bd3 Nc6 14. O-O Qf4 15. Bxf5 gxf5 16. cxd4 Rg6 17. Be5 Nxe5 18. dxe5 Bd7 19. Re1 O-O-O 20. Qe3 Qxe3 21. Rxe3 Bc6 22. Nc3 Rxg2+ 23. Kf1 Rxh2 24. Ke2 f4 25. Rd3 f3+ 26. Ke3 Rxd3+ 27. Kxd3 Rxf2 28. Rg1 Rg2 29. Rf1 h5 30. Ke3 h4 31. Ne4 Re2+ 32. Kxf3 Rxe4 0-1